 Dungeon Crawl Stone Soup version 0.31-a0-1144-g99969ba1bc (webtiles) character file.

Game seed: 15587717179136351287

3749 soggoth the Merchant of Misery (level 9, -7/63 HPs)
             Began as a Vampire Necromancer on Dec 6, 2023.
             Was a Believer of Kikubaaqudgha.
             Mangled by a vampire mosquito (10 damage)
             ... on level 11 of the Dungeon.
             The game lasted 00:55:38 (7043 turns).

soggoth the Merchant of Misery (VpNe)               Turns: 7043, Time: 00:55:39

Health: -7/63      AC:  9    Str:  7    XL:     9   Next: 93%
Magic:  11/20      EV: 13    Int: 22    God:    Kikubaaqudgha [**....]
Gold:   141        SH:  0    Dex: 14    Spells: 3/23 levels left

rFire   . . .        l - +2 dagger (venom)
rCold   . . .        (no shield)
rNeg    . . .        a - +2 robe
rPois   .            (no helmet)
rElec   .            (no cloak)
rCorr   .            w - +0 pair of gloves
SInv    +            (no boots)
Will    .....        t - amulet of faith
Stlth   +++          o - +4 ring of protection
HPRegen 0.50/turn    e - ring of flight
MPRegen 0.17/turn

%: faith
@: animating dead, flying, healing quickly
A: alive, fangs 3, see invisible, vampiric 2
a: Exsanguinate, Renounce Religion, Unearth Wretches


You were on level 11 of the Dungeon.
You worshipped Kikubaaqudgha.
Kikubaaqudgha was pleased with you.
You visited 2 branches of the dungeon, and saw 10 of its levels.

You collected 342 gold pieces.
You spent 201 gold pieces at shops.

Inventory:

Hand Weapons
 k - a +2 short sword
 l - a +2 dagger of venom (weapon)
Armour
 a - a +2 robe (worn)
 w - a +0 pair of gloves (worn)
Jewellery
 d - a ring of protection from fire
 e - a ring of flight (right hand)
 o - a +4 ring of protection (left hand)
 r - a ring of poison resistance
 t - an amulet of faith (around neck)
 z - a ring of willpower
Wands
 j - a wand of flame (14)
Scrolls
 c - a scroll of noise {unknown}
 f - 2 scrolls of enchant weapon
 g - 4 scrolls of identify
 p - 3 scrolls of vulnerability {unknown}
 q - a scroll of amnesia {unknown}
 s - a scroll of immolation {unknown}
 v - a scroll of revelation {unknown}
 x - a scroll of blinking (quivered)
 y - a scroll of enchant armour
Potions
 b - a potion of cancellation
 h - a potion of resistance
 i - a potion of haste
 m - a potion of might
 n - 2 potions of attraction
 u - a potion of mutation {unknown}


   Skills:
 + Level 3.0 Fighting
 * Level 6.4 Short Blades
 + Level 4.6 Dodging
 - Level 4.0 Stealth
 + Level 0.7 Unarmed Combat
 + Level 7.8 Spellcasting
 + Level 2.4 Hexes
 + Level 9.9 Necromancy
 + Level 0.3 Evocations


You had 3 spell levels left.
You knew the following spells:

 Your Spells              Type           Power      Damage    Failure   Level
a - Necrotise             Necr           100%       1d9       1%          1
b - Vampiric Draining     Necr           51%        2d9       1%          3
c - Animate Dead          Necr           51%        N/A       1%          4
d - Agony                 Necr           51%        N/A       3%          5
e - Kiss of Death         Conj/Necr      100%       2d13      1%          1
f - Anguish               Hex/Necr       17%        N/A       6%          4
g - Sublimation of Blood  Necr           51%        N/A       1%          2

Your spell library contained the following spells:

 Spells                   Type           Power      Damage    Failure   Level
 Jinxbite                 Hex            38%        N/A       4%          2
 Ensorcelled Hibernation  Hex/Ice        26%        N/A       7%          2
 Sandblast                Erth           16%        2d6       8%          1
 Passwall                 Tmut/Erth      6%         N/A       12%         2
 Stone Arrow              Conj/Erth      16%        3d8       22%         3
 Brom's Barrelling Bould  Conj/Erth      8%         2d3       58%         4


Dungeon Overview and Level Annotations

Branches:
Dungeon (8/15)             Temple (1/1) D:5
   Lair: D:8-11

Altars:
Ashenzari
Cheibriados
Dithmenos
Fedhas
Gozag
Kikubaaqudgha
Makhleb
Nemelex Xobeh
Okawaru
Qazlal
Ru
Sif Muna
Trog
Uskayaw
Vehumet
Wu Jian
Xom
Yredelemnul

Shops:
D:4 (   D:6 (


Innate Abilities, Weirdness & Mutations

Your natural rate of healing is accelerated.
You have razor-sharp teeth.
You have supernaturally acute eyesight. (SInv)
You are afflicted with vampirism and can become a bat while bloodless.


Message History

The vampire mosquito misses you.
The vampire mosquito attacks as it pursues you!
The vampire mosquito closely misses you.
The vampire mosquito bites you.
* * * LOW HITPOINT WARNING * * *
The vampire mosquito draws strength from your injuries!
The vampire mosquito is wracked by anguish.
The vampire mosquito misses you.
The vampire mosquito bites you but does no damage.
The vampire mosquito closely misses you.
The vampire mosquito barely misses you.
The vampire mosquito bites you but does no damage.
The vampire mosquito attacks as it pursues you!
The vampire mosquito bites you.
* * * LOW HITPOINT WARNING * * *
The vampire mosquito draws strength from your injuries!
The vampire mosquito is wracked by anguish.
The vampire mosquito is destroyed!
Kikubaaqudgha accepts your kill.
The dead are flying!
The vampire mosquito misses you.
Your Fighting skill increases to level 3!
A troll comes into view.
The troll shouts!
The vampire mosquito bites you but does no damage.
Your vampire mosquito zombie bites the vampire mosquito!
Something hits your vampire mosquito zombie!!!
The vampire mosquito barely misses you. The vampire mosquito bites you!
* * * LOW HITPOINT WARNING * * *
The vampire mosquito draws strength from your injuries!
The vampire mosquito is wracked by anguish!
There is a stone staircase leading up here.
Casting: Anguish (dangerous; 6% risk of failure)
Confirm with . or Enter, or press ? or * to list all spells.
You don't know that spell.
You can't go down here!
Your vampire mosquito zombie barely misses the vampire mosquito.
The vampire mosquito bites you!
You die...
Kikubaaqudgha rasps: "You have failed me!
Welcome... death!"

# ##...........#...# ##
#...............# .#
#...........#..#.. .
.###...........$.°# ..
..##............°## ...
#.##.>..........B# ....
#..#............## .....
##.#..........B###......
#............Zy@.......
##.....................
#.........#####.......
.(#......# .......
..#.......# ....... ...
...#..## ....T.. ...
..##### ....... ... ###
.......


You could see a boulder beetle, a troll, a vampire mosquito (ally target,
anguished) and a friendly vampire mosquito zombie.

Vanquished Creatures
  Sigmund (D:2)
  3 water moccasins
  An orc warrior (D:7)
  2 sky beasts (D:7)
  A black bear (D:6)
  An ice beast (D:5)
  2 ogres
  A phantom (D:7)
  A gnoll sergeant (D:7)
  6 scorpions
  5 wights (D:6)
  A howler monkey (D:6)
  6 hounds
  An orc priest (D:7)
  2 sleepcaps
  3 iguanas
  2 orc wizards
  10 gnolls
  6 adders
  2 shadow imps
  2 white imps (D:6)
  4 ufetubi
  A worm (D:5)
  2 dart slugs
  13 orcs
  6 ball pythons
  5 bats
  8 endoplasms
  6 giant cockroaches (D:2)
  8 hobgoblins
  A jackal (D:1)
  6 quokkas
  4 frilled lizards
  4 goblins
  4 kobolds
  8 rats
139 creatures vanquished.

Vanquished Creatures (collateral kills)
  Prince Ribbit (D:5)
  A sky beast (D:7)
  A scorpion (D:5)
  A wight (D:6)
  A hound (D:7)
  2 gnolls (D:7)
  A white imp (D:7)
  A dart slug (D:1)
  2 orcs (D:7)
  2 endoplasms
  A jackal (D:1)
  A kobold (D:3)
  2 rats
17 creatures vanquished.

Vanquished Creatures (others)
  A troll (D:7)
  A vampire mosquito (D:11)
  Menkaure (D:7)
  An ogre (D:7)
  A bullfrog (D:7)
  A gnoll sergeant (D:8)
  A black bear zombie (D:6)
  An orc priest (D:7)
  An iguana (D:7)
  2 scorpion zombies
  An orc wizard (D:7)
  2 ogre zombies
  2 sky beast zombies (D:7)
  2 hound zombies
  A gnoll (D:8)
  An adder zombie (D:6)
  6 gnoll zombies
  A ball python zombie (D:4)
  8 orc zombies
35 creatures vanquished.

Grand Total: 191 creatures vanquished

Notes
Turn   | Place    | Note
-------+----------+-------------------------------------------
     0 | D:1      | soggoth the Vampire Necromancer began the quest for the
                  | Orb.
     0 | D:1      | Reached XP level 1. HP: 13/13 MP: 3/3
    54 | D:1      | Reached XP level 2. HP: 10/20 MP: 1/5
   281 | D:1      | Reached skill level 5 in Necromancy
   473 | D:1      | Gained mutation: You are afflicted with vampirism and can
                  | become a bat while bloodless. [Vampire growth]
   473 | D:1      | Reached XP level 3. HP: 23/25 MP: 3/6
   662 | D:2      | Noticed Sigmund
   685 | D:2      | Killed Sigmund
   686 | D:2      | Reached skill level 1 in Fighting
   686 | D:2      | Reached skill level 1 in Short Blades
   686 | D:2      | Reached XP level 4. HP: 18/32 MP: 1/8
   686 | D:2      | Reached XP level 5. HP: 20/37 MP: 1/9
   700 | D:2      | Learned a level 3 spell: Vampiric Draining
   705 | D:2      | Learned a level 4 spell: Animate Dead
  1322 | D:2      | Found a shadowy altar of Dithmenos.
  2198 | D:4      | Reached XP level 6. HP: 31/43 MP: 9/11
  2216 | D:3      | Reached skill level 6 in Necromancy
  2681 | D:4      | Reached XP level 7. HP: 41/48 MP: 7/13
  2826 | D:4      | Found Onuxuq's Antique Weapon Boutique.
  3128 | D:5      | Entered Level 5 of the Dungeon
  3259 | D:5      | Found a staircase to the Ecumenical Temple.
  3352 | D:5      | Reached skill level 7 in Necromancy
  3419 | Temple   | Entered the Ecumenical Temple
  3438 | Temple   | Became a worshipper of Kikubaaqudgha
  3576 | D:5      | Reached skill level 5 in Spellcasting
  3626 | D:5      | Reached XP level 8. HP: 52/54 MP: 3/15
  3654 | D:5      | Learned a level 5 spell: Agony
  3779 | D:5      | Noticed Prince Ribbit
  3821 | D:5      | Killed Prince Ribbit
  4532 | D:6      | Reached skill level 8 in Necromancy
  4756 | D:6      | Reached * piety under Kikubaaqudgha
  4756 | D:6      | Received a gift from Kikubaaqudgha
  4792 | D:6      | Reached skill level 5 in Short Blades
  5114 | D:6      | Learned a level 1 spell: Kiss of Death
  5176 | D:6      | Found Guroahod's Weapon Boutique.
  5188 | D:6      | Bought a +2 dagger of venom for 201 gold pieces
  5362 | D:7      | Reached XP level 9. HP: 11/61 MP: 2/18
  5641 | D:7      | Learned a level 4 spell: Anguish
  5720 | D:7      | Noticed Menkaure
  5729 | D:7      | Killed Menkaure
  5979 | D:7      | Reached skill level 9 in Necromancy
  5998 | D:7      | Reached ** piety under Kikubaaqudgha
  6017 | D:7      | Reached skill level 1 in Hexes
  6375 | D:7      | Noticed a troll
  6572 | D:7      | Killed a troll
  6842 | D:7      | Learned a level 2 spell: Sublimation of Blood
  6944 | D:8      | You are sucked into a shaft and drop 3 floors!
  7026 | D:11     | Noticed a boulder beetle
  7041 | D:11     | Noticed a troll
  7042 | D:11     | HP: 2/63 [vampire mosquito (9)]
  7043 | D:11     | Mangled by a vampire mosquito

Illustrated notes

Levels and vault maps discovered:
D:1:      roadster_arrival_rocket_large, layout_rooms
D:2:      layout_loops_ring, basic_altar, uniq_sigmund
D:3:      layout_loops_ring, mainiacjoe_overflow_boulevard,
          kennysheep_big_empty_room
D:4:      layout_loops_ring, serial_shops, nicolae_shop_stone
D:5:      layout_basic, minmay_temple_entry_trees, nicolae_the_louvre,
          uniq_prince_ribbit1
D:6:      layout_basic, serial_shops, shop_fountains
D:7:      minmay_s_stair_smasher, layout_loops_ring,
          chequers_serial_rivers_micro_c, uniq_menkaure
D:8:      layout_loops_cross, david_lair_generic
D:11:     layout_cave_pods, serial_shops, nicolae_shop_advertising_works
          [nicolae_subvault_shop_adworks], portal_ice_cave_entry_pillars_1
Temple:   nicolae_temple_slightly_damp_pantheon

Skill      XL: |  1  2  3  4  5  6  7  8  9 |
---------------+----------------------------+-----
Necromancy     | 5 6 7 8 9 |  9.9
Fighting       | 1 2 3 |  3.0
Short Blades   | 1 2 3 5 6 |  6.4
Spellcasting   | 3 4 5 6 7 |  7.8
Dodging        | 3 4 |  4.6
Stealth        | 4 |  4.0
Hexes          | 2 |  2.4
Unarmed Combat | |  0.7
Evocations     | |  0.3

Action                     |  1- 3 |  4- 6 |  7- 9 || total
---------------------------+-------+-------+-------++-------
  Melee: Unarmed           |    38 |       |       ||    38
         Short sword       |    17 |    64 |   130 ||   211
         Bite              |     4 |     8 |    33 ||    45
         Punch             |       |     1 |     6 ||     7
         Dagger            |       |       |   121 ||   121
   Cast: Necrotise         |    36 |    88 |   100 ||   224
         Animate Dead      |       |     2 |    15 ||    17
         Vampiric Draining |       |     2 |    27 ||    29
         Anguish           |       |       |    11 ||    11
         Agony             |       |       |     1 ||     1
  Evoke: Wand              |       |       |     5 ||     5
    Use: Scroll            |     3 |     5 |     8 ||    16
         Potion            |     1 |     1 |     5 ||     7
   Stab: Sleeping          |     1 |       |     1 ||     2
         Distracted        |     1 |       |     1 ||     2
 Armour: Robe              |    41 |    86 |   209 ||   336
  Dodge: Dodged            |    59 |   103 |   219 ||   381

Table legend: (Time is in decaauts)
 A = Elapsed time spent in this place.
 B = Non-inter-level travel time spent in this place.
 C = Inter-level travel time spent in this place.
 D = Time resting spent in this place.
 E = Time spent auto-exploring this place.
 F = Levels seen in this place.
 G = Mean time per level.
                   A        B        C        D        E       F      G
               +--------+--------+--------+--------+--------+-----+--------+
         Total |   6952 |   6952 |      0 |    263 |   2141 |  10 |  695.2 |
       Dungeon |   6913 |   6913 |      0 |    263 |   2141 |   9 |  768.1 |
        Temple |     38 |     38 |      0 |      0 |      0 |   1 |   38.0 |
               +--------+--------+--------+--------+--------+-----+--------+

Top non-repeatable levels by time:
     D:7: 1480 daAuts
     D:5: 1332 daAuts
     D:4: 910 daAuts
     D:2: 839 daAuts
     D:6: 785 daAuts
     D:3: 764 daAuts
     D:1: 610 daAuts
     D:8: 98 daAuts
    D:11: 94 daAuts
  Temple: 38 daAuts
